 Dungeon Crawl Stone Soup version 0.30-a0-6-g7c9e10e132 (webtiles) character file.

Game seed: 8465835317538228884

1264 nickcage the Carver (level 8, 0/56 (62) HPs)
             Began as a Minotaur Gladiator on Aug 22, 2022.
             Was a Priest of Jiyva.
             Slain by a wight
             ... wielding a +0 trident
              (3 damage)
             ... on level 6 of the Dungeon.
             The game lasted 00:09:25 (5476 turns).

nickcage the Carver (Minotaur Gladiator)            Turns: 5476, Time: 00:09:26

HP:   0/56 (62)     AC: 12    Str: 21    XL:     8   Next: 27%
MP:   7/7           EV:  8    Int:  5    God:    Jiyva [***...]
Gold: 164           SH:  0    Dex: 12    Spells: 7/7 levels left

rFire   . . .      SeeInvis .    a - +0 long sword
rCold   . . .      Faith    .    m - orb {light}
rNeg    . . .      Spirit   .    g - +4 chain mail
rPois   .          Reflect  .    c - +0 hat
rElec   .          Harm     .    (no cloak)
rCorr   +          Rampage  .    (no gloves)
Will    .....                    (no boots)
Stlth   ..........               (no amulet)
HPRegen 1.30/turn                (no ring)
MPRegen 0.45/turn                (no ring)

@: glowing, drained
A: horns 2, retaliatory headbutt
a: Renounce Religion, Oozemancy


You were on level 6 of the Dungeon.
You worshipped Jiyva.
Jiyva was most pleased with you.
You visited 1 branch of the dungeon, and saw 6 of its levels.
You also visited: Sewer.

You collected 234 gold pieces.
You spent 70 gold pieces at shops.

Inventory:

Hand Weapons
 a - a +0 long sword (weapon)
 t - a +0 flail
Missiles
 d - 4 throwing nets
 e - 6 javelins (quivered)
Armour
 b - a +0 leather armour
 c - a +0 hat (worn)
 g - a +4 chain mail (worn)
 m - an orb of light (worn)
 n - a +0 chain mail
Jewellery
 y - a ring of fire
 B - a ring of magical power
Wands
 o - a wand of charming (12)
Scrolls
 k - 3 scrolls of brand weapon {unknown}
 r - 3 scrolls of identify
 u - a scroll of vulnerability {unknown}
 v - a scroll of blinking {unknown}
 w - a scroll of noise {unknown}
 x - a scroll of summoning {unknown}
Potions
 f - 3 potions of brilliance
 h - a potion of haste
 i - 2 potions of attraction
 j - 10 potions of curing
 l - a potion of lignification {unknown}
 p - a potion of experience {unknown}
 q - 3 potions of invisibility {unknown}
 s - a potion of mutation {unknown}
 z - 2 potions of might
 A - a potion of cancellation {unknown}


   Skills:
 - Level 2.4 Fighting
 + Level 12.4 Long Blades
 - Level 2.0 Throwing
 - Level 3.2 Dodging


You had 7 spell levels left.
You didn't know any spells.
Your spell library contained the following spells:

 Spells                   Type           Power      Damage    Failure   Level
 Magic Dart               Conj           0%         1d3       99%         1
 Searing Ray              Conj           0%         2d4       100%        2
 Airstrike                Air            0%         2d(0-16)  100%        4
 Fulminant Prism          Conj/Hex       0%         3d6       100%        4
 Summon Lightning Spire   Summ/Air       0%         N/A       100%        4
 Lightning Bolt           Conj/Air       0%         1d11      100%        5


Dungeon Overview and Level Annotations

Branches:
Dungeon (6/15)             Temple (0/1) D:4           Sewer (visited)

Altars:
Cheibriados
Elyvilon
Vehumet
Wu Jian
Zin

Shops:
D:4 !


Innate Abilities, Weirdness & Mutations

You have a pair of horns on your head.
You reflexively headbutt those who attack you in melee.


Message History

A wight is wielding a +4 dagger and wearing a +2 robe of willpower.
The wight hits you with a +1 great sword!
You feel drained.
You slash the wight! You headbutt the wight.
The wight is heavily damaged.
The wight hits you with a +1 great sword.
You feel drained.
You hit the wight but do no damage.
The wight is heavily damaged.
The wight hits you with a +1 great sword!
You feel drained.
You slash the wight!
You destroy the wight!
The wight hits you but does no damage.
You hit the wight. Your headbutt misses the wight.
The wight is lightly damaged.
You hit the wight.
The wight is heavily damaged.
The wight hits you with a +4 dagger!
You feel drained.
The wight hits you from afar with a +0 trident.
You are too injured to fight recklessly!
You are too injured to fight recklessly!
You hit the wight but do no damage.
The wight is heavily damaged.
The wight hits you from afar with a +0 trident!
You feel drained.
* * * LOW HITPOINT WARNING * * *
The wight hits you with a +4 dagger.
* * * LOW HITPOINT WARNING * * *
The wight attacks as you move away! The wight hits you with a +4 dagger.
* * * LOW HITPOINT WARNING * * *
You hear a slurping noise.
The wight attacks as you move away! The wight hits you with a +4 dagger.
* * * LOW HITPOINT WARNING * * *
You hit the wight but do no damage.
The wight is heavily damaged.
The wight hits you from afar with a +0 trident!
* * * LOW HITPOINT WARNING * * *
You feel drained.
You die...

.
......####....#.##........#..
.........#.......##..........<
.........#.#.#.#...........>..
...... #.......#.....#.......
..>...###...##..#....#.......
............##...#...#.......
...........#...J..#..###.....
...................#.#######.
..........zz@........#...##..
...............#######.#.#...
....................#..#....#
##........................###
##..##..##.....##.........#.
##. #......................
##.......##...##.##....
..##.....#....####....
..........#.### #....


You could see 2 wights and a neutral jelly (wandering) (fellow slime).

Vanquished Creatures
  A wraith (D:5)
  2 water moccasins (D:6)
  2 ogres
  A centaur (D:5)
  Blork the orc (D:6)
  A gnoll sergeant (D:6)
  A scorpion (D:5)
  A wight (D:6)
  An orc priest (D:4)
  5 hounds
  2 jellies (Sewer)
  An orc wizard (D:4)
  Robin (D:4)
  3 gnolls (D:6)
  11 adders
  A river rat (D:3)
  3 worms
  4 dart slugs (D:1)
  7 orcs
  13 bats
  15 endoplasms
  A giant cockroach (D:3)
  12 goblins
  14 hobgoblins
  4 jackals (D:1)
  2 quokkas
  11 ball pythons
  10 frilled lizards
  5 kobolds
  9 rats
145 creatures vanquished.

Vanquished Creatures (others)
  Eustachio (D:4)
  3 jellies
  3 iguanas
  An orc wizard (D:5)
  2 orcs (D:5)
  A giant cockroach (D:4)
  A goblin (D:4)
  A hobgoblin (D:4)
  2 ball pythons (D:4)
  A butterfly (D:4)
  4 fungi (D:5)
20 creatures vanquished.

Grand Total: 165 creatures vanquished

Notes
Turn   | Place    | Note
-------+----------+-------------------------------------------
     0 | D:1      | nickcage the Minotaur Gladiator began the quest for the
                  | Orb.
     0 | D:1      | Reached XP level 1. HP: 18/18 MP: 0/0
    19 | D:1      | Reached skill level 4 in Long Blades
    53 | D:1      | Found a faded altar of an unknown god.
    62 | D:1      | Reached XP level 2. HP: 19/25 MP: 1/1
   499 | D:1      | Reached skill level 5 in Long Blades
   505 | D:1      | Reached XP level 3. HP: 22/30 MP: 2/2
   846 | D:2      | Reached skill level 6 in Long Blades
   846 | D:2      | Reached XP level 4. HP: 28/37 MP: 3/3
  1409 | D:2      | Found a glowing silver altar of Zin.
  1948 | D:3      | Found a glowing drain.
  1963 | Sewer    | Entered a sewer
  2162 | Sewer    | Reached XP level 5. HP: 38/42 MP: 4/4
  2168 | Sewer    | Reached skill level 7 in Long Blades
  2419 | Sewer    | Found a viscous altar of Jiyva.
  2430 | Sewer    | Became a worshipper of Jiyva Josar the Shapeless
  2809 | D:3      | Reached skill level 8 in Long Blades
  2835 | D:3      | Reached * piety under Jiyva
  3419 | D:4      | Noticed Robin
  3440 | D:4      | Reached XP level 6. HP: 41/50 MP: 5/5
  3447 | D:4      | Killed Robin
  3585 | D:4      | Found a radiant altar of Vehumet.
  3705 | D:4      | Reached ** piety under Jiyva
  3763 | D:4      | Found a snail-covered altar of Cheibriados.
  3766 | D:4      | Found an ornate altar of the Wu Jian Council.
  3768 | D:4      | Found a glowing silver altar of Zin.
  3833 | D:4      | Found a white marble altar of Elyvilon.
  3847 | D:4      | Found a staircase to the Ecumenical Temple.
  3895 | D:4      | Killed Eustachio
  3965 | D:4      | Reached skill level 9 in Long Blades
  4305 | D:4      | Found Xikk's Distillery.
  4310 | D:4      | Bought a potion of curing for 30 gold pieces
  4310 | D:4      | Bought a potion of might for 40 gold pieces
  4401 | D:5      | Entered Level 5 of the Dungeon
  4542 | D:5      | Reached XP level 7. HP: 46/56 MP: 6/6
  4584 | D:5      | Reached skill level 10 in Long Blades
  4783 | D:5      | Reached *** piety under Jiyva
  5264 | D:6      | Noticed a wraith
  5280 | D:5      | Killed a wraith
  5281 | D:5      | Reached skill level 11 in Long Blades
  5301 | D:6      | Noticed Blork the orc
  5306 | D:6      | Reached XP level 8. HP: 43/62 MP: 7/7
  5312 | D:6      | Killed Blork the orc
  5326 | D:6      | Reached skill level 12 in Long Blades
  5476 | D:6      | Slain by a wight

Illustrated notes

Levels and vault maps discovered:
D:1:      ebering_hopf_link, layout_loops_cross, ebering_ecumenical_altar_webs
D:2:      layout_loops_ring, basic_altar, columned_hall_lemuel,
          chequers_serial_rivers_marsh, wad_floor_pattern_untrapped
D:3:      layout_loops_corners, cheibrodos_sewer_entry_sluice,
          saegor_snake_ambush
D:4:      minmay_razor_zed, layout_cave_pods, nicolae_elyvilon_peaceful_grove,
          vehumet_crystals, grunt_temple_overflow_open,
          minmay_temple_entry_stoned_glass, serial_shops,
          nicolae_shop_waterfront, uniq_eustachio, uniq_robin
D:5:      layout_basic, water_boxes_lemuel
D:6:      layout_cave_pools, overflow_temple_1_default, minivault_22,
          hangedman_decor_opposing, uniq_blork_the_orc

Skill      XL: |  1  2  3  4  5  6  7  8 |
---------------+-------------------------+-----
Long Blades    | 4 5 6 8 9 11 12 | 12.4
Fighting       | |  2.4
Throwing       | |  2.0
Dodging        | |  3.2

Action                   |  1- 3 |  4- 6 |  7- 9 || total
-------------------------+-------+-------+-------++-------
Melee: Long sword        |    60 |   195 |    58 ||   313
       Headbutt          |     8 |    34 |    13 ||    55
       Punch             |     1 |       |       ||     1
Throw: Javelin           |       |       |     1 ||     1
Invok: Oozemancy         |       |       |     1 ||     1
  Use: Scroll            |       |     3 |       ||     3
       Potion            |       |     3 |       ||     3
Armor: Leather armour    |    25 |     3 |       ||    28
       Chain mail        |       |   110 |    28 ||   138
Dodge: Dodged            |    65 |    96 |    23 ||   184

Table legend: (Time is in decaauts)
 A = Elapsed time spent in this place.
 B = Non-inter-level travel time spent in this place.
 C = Inter-level travel time spent in this place.
 D = Time resting spent in this place.
 E = Time spent auto-exploring this place.
 F = Levels seen in this place.
 G = Mean time per level.
                   A        B        C        D        E       F      G
               +--------+--------+--------+--------+--------+-----+--------+
         Total |   5537 |   5373 |    164 |    488 |   4071 |   7 |  791.0 |
       Dungeon |   4969 |   4805 |    164 |    338 |   3796 |   6 |  828.2 |
         Sewer |    568 |    568 |      0 |    150 |    275 |   1 |  568.0 |
               +--------+--------+--------+--------+--------+-----+--------+

Top non-repeatable levels by time:
     D:3: 1059 daAuts
     D:2: 1026 daAuts
     D:4: 971 daAuts
     D:5: 865 daAuts
     D:1: 842 daAuts
   Sewer: 568 daAuts
     D:6: 203 daAuts
